slyhack, chaotic female human Rogue ----- #####....-########### |...| # ##-...-###################f@B # |...| ##---------------- ---------- ### |...|##############-..............| |........| # |...| |..............| |........| ### ----- |...............# |........| # ----------------# |..(<.....########## # |........| # # |........| ############### ---------- ### --.--.- # |.....| |.....| -..>..| ------- slyhack the Cutpurse Experience level: 3 Strength: 11 Dexterity: 18 Constitution: 15 Intelligence: 12 Wisdom: 10 Charisma: 8 Health: 0(24) Energy: 12(12) Def: 4 Gold: 0 Moves: 1857 Dungeon seed: 7NByxmvya4CFmpDM Game ID: slyhack_1475237368 Your Inventory: Weapons a - an uncursed +0 dagger named Biter (weapon in hand) b - 11 uncursed +0 daggers named <<< (in quiver) u - 9 blessed +0 darts Armor e - an uncursed +1 leather armor (being worn) n - an uncursed +0 orcish helm (being worn) Comestibles h - 4 uncursed food rations A - an uncursed lichen corpse Tools k - an uncursed lock pick r - an uncursed blindfold B - an uncursed sack Gems q - 2 uncursed worthless pieces of yellow glass Contents of the sack: 491 gold pieces an uncursed scroll of confuse monster an uncursed scroll of enchant armor a blessed scroll of identify 2 uncursed scrolls of identify a blessed potion of booze a cursed potion of monster detection an uncursed potion of oil an uncursed potion of sickness Spells and supernatural/magical abilities: Name Level Category Fail Memory W - pray for help -- divine ? -- Your skills at the end: Fighting Skills Weapon Skills dagger [Basic] short sword [Basic] Spellcasting Skills Final Attributes: You were piously aligned. You were stealthy. You are dead. Vanquished creatures: a wererat a large kobold a yellow mold 2 red molds 3 geckos 6 jackals a kobold a goblin 2 lichens 2 kobold zombies 2 newts 22 creatures vanquished. Voluntary challenges: You used a wielded weapon 22 times, starting on turn 267. You read items or engraved 1 time, starting on turn 1573. You never genocided any monsters. You never polymorphed an object. You never changed form. You used no wishes. You never split a pudding. You never wrote Elbereth's name. You never violated your personal moral code. Dungeon overview: The Dungeons of Doom: levels 1 to 6 Level 1 a fountain a long staircase Level 2 stairs to The Gnomish Mines Level 3 a potion shop Level 4 an altar to Kos Level 5 <- You were here Level 6 The Gnomish Mines: Level 3 stairs to The Dungeons of Doom History has recorded: On T:1 you entered the Dungeons of Doom to retrieve the Amulet of Yendor! On T:303 you reached level 2 of The Dungeons of Doom. On T:610 you reached level 1 of The Gnomish Mines. On T:810 you advanced to experience level 2. On T:866 you reached level 3 of The Dungeons of Doom. On T:928 you reached level 4 of The Dungeons of Doom. On T:1526 you reached level 5 of The Dungeons of Doom. On T:1603 you advanced to experience level 3. On T:1672 you reached level 6 of The Dungeons of Doom. Score breakdown: Gold: 491 ( 9157 points) Experience: 3 levels ( 7878 points) Exploration: 6 levels ( 12.77%) ( 9890 points) Discoveries: 0 items ( 0.00%) ( 0 points) Valuables value: (no points given unless you survive) Artifact value: 0 ( 0 points) Variety of kills: 11 monsters ( 2.89%) ( 5097 points) Turncount: 1857 turns ( 0 points) Survival: died (score multiplied by 80%) Total score: 25617 Latest messages: You throw 2 daggers named <<<. The 1st dagger named <<< hits the red mold. The 2nd dagger named <<< hits the red mold. You throw 2 daggers named <<<. The 1st dagger named <<< hits the red mold. You kill the red mold! The 2nd dagger named <<< hits it. b - 3 uncursed +0 daggers named <<< (in quiver). The giant bat bites! (2x) You miss the giant bat. The giant bat just misses! (2x) You hit the giant bat. The giant bat bites! (2x) Never mind. You throw 2 daggers named <<<. The 1st dagger named <<< hits the giant bat. The 2nd dagger named <<< hits the giant bat. The giant bat bites! (2x) You die... Final status: Goodbye slyhack the Rogue, killed by a giant bat... You died in The Dungeons of Doom on dungeon level 5 with 25617 points, and 491 pieces of gold, after 1857 moves. You were level 3 with a maximum of 24 hit points when you died.